 Dungeon Crawl Stone Soup version 0.18-a0-822-gb52b7b4 (webtiles) character file.

87 GeneralIdiocy the Charlatan (level 4, -5/38 HPs)
             Began as a Deep Dwarf Artificer on Dec 16, 2015.
             Killed by divine providence
             ... invoked by an orc priest
              (14 damage)
             ... on level 3 of the Dungeon.
             The game lasted 00:04:01 (1715 turns).

GeneralIdiocy the Charlatan (Deep Dwarf Artificer)  Turns: 1715, Time: 00:04:02

Health: -5/38      AC:  3    Str: 10    XL:     4   Next: 28%
Magic:  7/7        EV:  9    Int: 13    God:
Gold:   151        SH: 10    Dex: 13    Spells: 0 memorised, 3 levels left

rFire  . . .     SeeInvis .     r - +1 mace (crush)
rCold  . . .     Gourm    .     b - +0 leather armour
rNeg   . . .     Faith    .     m - +3 shield
rPois  .         Spirit   .     (no helmet)
rElec  .         Dismiss  .     (no cloak)
rCorr  .         Reflect  .     (no gloves)
SustAt .         Harm     .     (no boots)
MR     .....                    (no amulet)
Stlth  +.........               (no ring)
                                o - -5 ring of strength (curse)

@: non-regenerating, not resistant to hostile enchantments, very unstealthy
A: damage resistance, recharge devices, sense surroundings 1, slow regeneration
3
a: Device Recharging


You were on level 3 of the Dungeon.
You were not hungry.

You visited 1 branch of the dungeon, and saw 3 of its levels.

You collected 151 gold pieces.

Inventory:

Hand Weapons
 a - a +1 short sword
 r - a +1 mace of crushing (weapon)
Armour
 b - a +0 leather armour (worn)
 m - a +3 shield (worn)
Jewellery
 o - a cursed -5 ring of strength (left hand)
Wands
 c - a wand of flame (14)
 d - a wand of enslavement (15)
 e - a wand of random effects (15)
 f - a wand of heal wounds (6)
Potions
 h - 2 potions of brilliance {unknown}
 j - 3 potions of degeneration
 k - 3 potions of flight
 l - a potion of invisibility
 n - a potion of heal wounds {unknown}
 q - a potion of agility {unknown}
 s - a potion of curing {unknown}
Comestibles
 g - 3 bread rations
 i - 2 royal jellies
 p - a slice of pizza


   Skills:
 + Level 1.4 Fighting
 - Level 0.8 Short Blades
 * Level 2.9 Armour
 - Level 2.1 Dodging
 - Level 1.2 Stealth
 + Level 0.9 Shields
 * Level 5.0 Evocations


You had 3 spell levels left.
You didn't know any spells.

Dungeon Overview and Level Annotations

Branches:
Dungeon (3/15)

Altars:
Elyvilon


Innate Abilities, Weirdness & Mutations

You are resistant to damage.
You can recharge devices by infusing magical energy.
You passively map a small area around you.
You do not regenerate naturally.


Message History

You block the orc's attack.
Found a flail.
The orc priest closely misses you.
The ball python bites you but does no damage.
You block the ball python's attack. You block the orc's attack.
You hit the orc priest.
The orc priest is lightly wounded.
The ball python bites you but does no damage.
You block the ball python's attack. The orc priest barely misses you.
You block the orc's attack. The ball python closely misses you.
The ball python closely misses you. The orc hits you with a hand axe.
The orc priest hits you with an antimagic hand axe.
You barely miss the orc priest.
The orc priest is lightly wounded.
You block the orc's attack. The orc hits you but does no damage.
The ball python bites you but does no damage.
You block the ball python's attack. The orc hits you with a hand axe.
The orc priest calls down the wrath of Beogh upon you.
Something smites you!
You die...

#..# #.# #.# #.#
#......#.# #.#. #..#
#.###.###.# #...[(.#.#
#.#. #..# #...'.'...#
#......#.# #.## ##.#
#####.##### #......#.#
#.# #.# #.# #......#.#
#.# #.
#+#######......#.###.#
,
,............#..#.....#
***
#.######o######.#.#####
#......@o.........#
#####.oSo.........#
#.....)......>#
#...........###
#...........
#...........
#...........*
###########


You could see an orc priest, 3 orcs and a ball python.

Vanquished Creatures
  3 adders
  A worm (D:3)
  2 giant geckos
  7 orcs (D:3)
  4 giant cockroaches
  6 hobgoblins
  2 ball pythons
  9 bats
  6 goblins
  2 jackals (D:3)
  3 kobolds
  5 rats
50 creatures vanquished.

Notes
Turn   | Place    | Note
--------------------------------------------------------------
     0 | D:1      | GeneralIdiocy the Deep Dwarf Artificer began the quest for the Orb.
     0 | D:1      | Reached XP level 1. HP: 16/16 MP: 3/3
    21 | D:1      | Reached skill level 1 in Fighting
   129 | D:1      | Reached skill level 1 in Armour
   147 | D:1      | Reached XP level 2. HP: 16/25 MP: 5/5
   378 | D:1      | You fall through a shaft!
   626 | D:2      | Found a white marble altar of Elyvilon.
   779 | D:2      | Reached XP level 3. HP: 12/31 MP: 6/6
   919 | D:2      | Found a faded altar to an unknown god.
  1549 | D:3      | Reached XP level 4. HP: 13/38 MP: 7/7
  1560 | D:3      | Reached skill level 5 in Evocations
  1715 | D:3      | Killed from afar by an orc priest

Vault maps used:
D:1:      minmay_arrival_solitary_statue, minmay_misc_feat_hallway
D:2:      ecumenical_altar_2, first_bread, elyvilon_altar_4
D:3:      minmay_door_square

Action                   |  1- 3 |  4- 6 || total
-------------------------+-------+-------++-------
Melee: Short sword       |   223 |       ||   223
       Mace              |    19 |    19 ||    38
Evoke: Wand              |     4 |       ||     4
  Use: Scroll            |     8 |       ||     8
 Stab: Sleeping          |     3 |       ||     3
  Eat: Chunk             |     3 |       ||     3
